 Dungeon Crawl Stone Soup version 0.22.0-60-ga52c2fc (webtiles) character file.

261 marrkus the Sneak (level 5, -1/46 HPs)
             Began as a Deep Dwarf Fighter on Sept 9, 2018.
             Slain by a hobgoblin (3 damage)
             ... on level 4 of the Dungeon.
             The game lasted 00:16:36 (2624 turns).

marrkus the Sneak (Deep Dwarf Fighter)              Turns: 2624, Time: 00:16:36

Health: -1/46      AC:  6    Str: 20    XL:     5   Next: 96%
Magic:  0/5        EV:  7    Int:  8    God:
Gold:   158        SH:  9    Dex: 13    Spells: 4/4 levels left

rFire    . . .     SeeInvis .   a - +0 war axe
rCold    . . .     Gourm    .   c - +0 shield
rNeg     . . .     Faith    +   b - +0 scale mail
rPois    .         Spirit   +   (no helmet)
rElec    .         Reflect  .   q - scarf {Spirit}
rCorr    .         Harm     .   (no gloves)
MR       .....                  (no boots)
Stlth    ++........             x - amulet of faith
HPRegen  0.00/turn              (no ring)
MPRegen  0.09/turn              (no ring)

@: non-regenerating
A: damage resistance, heal wounds, sense surroundings 1, no regeneration
a: Heal Wounds


You were on level 4 of the Dungeon.
You were not hungry.

You visited 1 branch of the dungeon, and saw 4 of its levels.

You collected 158 gold pieces.

Inventory:

Hand Weapons
 a - a +0 war axe (weapon)
 i - a +0 hunting sling
 m - a +0 flail of holy wrath
 n - a +0 hunting sling
Missiles
 l - 3 tomahawks of returning (quivered)
 o - 91 stones
 y - 27 bolts
 z - 6 poisoned needles
Armour
 b - a +0 scale mail (worn)
 c - a +0 shield (worn)
 g - a +2 robe
 q - a scarf of spirit shield (worn)
Jewellery
 x - an amulet of faith (around neck)
Wands
 p - a wand of scattershot (4)
Scrolls
 e - 2 scrolls of remove curse
 j - a scroll of teleportation {unknown}
 k - 2 scrolls of identify {unknown}
 u - a scroll of fog {unknown}
 A - a scroll of magic mapping {unknown}
Potions
 d - a potion of might
 h - a potion of berserk rage {unknown}
 r - a potion of curing {unknown}
 t - a potion of brilliance {unknown}
 v - a potion of heal wounds {unknown}
 w - a potion of degeneration {unknown}
Comestibles
 f - 10 rations


   Skills:
 - Level 2.7 Fighting
 + Level 5.1 Axes
 - Level 3.2 Armour
 + Level 5.3 Stealth
 - Level 3.2 Shields


You had 4 spell levels left.
You didn't know any spells.
Your spell library was empty.

Dungeon Overview and Level Annotations

Branches:
Dungeon (4/15)
 Temple: D:4-7

Altars:
Ashenzari
Dithmenos
Fedhas
Trog
Wu Jian
The Shining One


Innate Abilities, Weirdness & Mutations

You are resistant to damage.
You can heal yourself by infusing magical energy.
You passively map a small area around you.
You do not regenerate.


Message History

You see here 2 stones.
You hit the hobgoblin.
You kill the hobgoblin!
The goblin throws a stone.
The stone hits you but does no damage.
You hit the goblin.
You kill the goblin!
You slash the goblin!
You kill the goblin!
The hobgoblin throws a stone.
You block the stone.
You slash the goblin!
You kill the goblin!
The hobgoblin throws a stone.
The stone closely misses you. You block the hobgoblin's attack.
Items here: ( [[[[ †† You hit the hobgoblin but do no damage.
The hobgoblin barely misses you.
The hobgoblin hits you but does no damage.
You hit the hobgoblin.
The hobgoblin is moderately wounded.
The hobgoblin hits you.
You die...

#..........# #..
#..........# #..
#..........# ###
#..........#
#..<.......#
#..........##
###...........
#####.#....########
#g@(.(#....'.......
#.###.#....########
#.# #####..# #(#
,g.#### #.# g≈≈(#*
,, #(##≈≈≈..# , ,*
#......._#**, ,,
####≈≈≈..#** ,
gg≈.#* ,,


You could see a hobgoblin.

Vanquished Creatures
  An ogre (D:3)
  A centaur zombie (D:4)
  An orc wizard (D:3)
  Jessica (D:2)
  2 adders (D:4)
  A leopard gecko (D:2)
  7 orcs
  7 bats
  4 hobgoblins
  8 jackals
  A quokka (D:4)
  A ball python (D:1)
  5 frilled lizards
  16 goblins
  2 kobolds
  3 rats
61 creatures vanquished.

Vanquished Creatures (others)
  A hobgoblin (D:3)
1 creature vanquished.

Grand Total: 62 creatures vanquished

Notes
Turn   | Place    | Note
-------+----------+-------------------------------------------
     0 | D:1      | marrkus the Deep Dwarf Fighter began the quest for the Orb.
     0 | D:1      | Reached XP level 1. HP: 20/20 MP: 1/1
   187 | D:1      | Reached skill level 1 in Stealth
   271 | D:1      | Reached XP level 2. HP: 24/27 MP: 2/2
   802 | D:2      | Noticed Jessica
   814 | D:2      | Killed Jessica
   814 | D:2      | Reached XP level 3. HP: 22/33 MP: 3/3
   952 | D:2      | Found a blossoming altar of Fedhas.
   957 | D:2      | Found a shattered altar of Ashenzari.
   957 | D:2      | Found a shadowy altar of Dithmenos.
  1093 | D:2      | Found an ornate altar of the Wu Jian Council.
  1627 | D:3      | Reached XP level 4. HP: 16/40 MP: 4/4
  1670 | D:3      | Noticed an ogre
  1692 | D:3      | Killed an ogre
  1692 | D:3      | Reached XP level 5. HP: 18/46 MP: 5/5
  2244 | D:4      | Reached skill level 5 in Axes
  2244 | D:4      | Reached skill level 5 in Stealth
  2367 | D:4      | Noticed a phantom
  2369 | D:4      | Found a glowing golden altar of the Shining One.
  2403 | D:4      | HP: 2/46 [phantom (5)]
  2590 | D:4      | Found a bloodstained altar of Trog.
  2624 | D:4      | Slain by a hobgoblin

Skill      XL: |  1  2  3  4  5 |
---------------+----------------+-----
Stealth        | 1 2 3 4 5 |  5.3
Axes           | 3 4 5 |  5.1
Fighting       | |  2.7
Armour         | |  3.2
Shields        | |  3.2

Action                   |  1- 3 |  4- 6 || total
-------------------------+-------+-------++-------
Melee: War axe           |   113 |   117 ||   230
Throw: Tomahawk          |       |     3 ||     3
  Use: Scroll            |       |     1 ||     1
 Stab: Sleeping          |       |     1 ||     1
  Eat: Chunk             |     1 |     5 ||     6
Armor: Scale mail        |    50 |    46 ||    96
Dodge: Dodged            |    29 |    36 ||    65
Block: Shield            |    75 |    75 ||   150
